 Dungeon Crawl Stone Soup version 0.21-a0-401-g0b6bec4 (webtiles) character file.

9 tidbits the Charmwright (level 2, -2/26 HPs)
             Began as a Gnoll Skald on Oct 21, 2017.
             Slain by a kobold (4 damage)
             ... on level 2 of the Dungeon.
             The game lasted 00:01:06 (126 turns).

tidbits the Charmwright (Gnoll Skald)                Turns: 126, Time: 00:01:07

Health: -2/26      AC:  5    Str: 13    XL:     2   Next: 12%
Magic:  0/7        EV: 12    Int: 15    God:
Gold:   2          SH:  0    Dex: 14    Spells: 9/10 levels left

rFire    . . .     SeeInvis .   a - +0 hand axe
rCold    . . .     Gourm    .   (no shield)
rNeg     . . .     Faith    .   g - +0 ring mail
rPois    .         Spirit   .   (no helmet)
rElec    .         Reflect  .   (no cloak)
rCorr    .         Harm     .   (no gloves)
MR       .....                  (no boots)
Stlth    +.........             (no amulet)
HPRegen  0.08/turn              (no ring)
MPRegen  0.10/turn              (no ring)

@: no status effects
A: distributed training, fangs 1, strong nose
a: no special abilities


You were on level 2 of the Dungeon.
You were not hungry.

You visited 1 branch of the dungeon, and saw 2 of its levels.

You collected 2 gold pieces.

Inventory:

Hand Weapons
 a - a +0 hand axe (weapon)
Armour
 b - a +0 leather armour
 g - a +0 ring mail (worn)
Scrolls
 e - 2 scrolls of recharging {unknown}
Books
 c - a book of Battle

   Spells                             Type                      Level
   a - Infusion                       Charms                       1
   b - Shroud of Golubria             Charms/Translocation         2
   c - Song of Slaying                Charms                       2
   d - Spectral Weapon                Hexes/Charms                 3
   e - Regeneration                   Charms/Necromancy            3
Comestibles
 d - a bread ration
 f - 3 fruits


   Skills:
 + Level 4.4 Fighting
 + Level 0.2 Short Blades
 + Level 0.2 Long Blades
 + Level 4.4 Axes
 + Level 0.2 Maces & Flails
 + Level 0.2 Polearms
 + Level 0.2 Staves
 + Level 0.2 Slings
 + Level 0.2 Bows
 + Level 0.2 Crossbows
 + Level 0.2 Throwing
 + Level 2.4 Armour
 + Level 4.4 Dodging
 + Level 0.2 Stealth
 + Level 0.2 Shields
 + Level 0.2 Unarmed Combat
 + Level 4.9 Spellcasting
 + Level 0.1 Conjurations
 + Level 0.1 Hexes
 + Level 5.3 Charms
 + Level 0.1 Summonings
 + Level 0.1 Necromancy
 + Level 0.1 Translocations
 + Level 0.1 Transmutations
 + Level 0.1 Fire Magic
 + Level 0.1 Ice Magic
 + Level 0.1 Air Magic
 + Level 0.1 Earth Magic
 + Level 0.1 Poison Magic
 + Level 0.3 Invocations
 + Level 0.2 Evocations


You had 9 spell levels left.
You knew the following spells:

 Your Spells              Type           Power        Failure   Level  Hunger
i - Infusion              Chrm           ###.         3%          1    None


Dungeon Overview and Level Annotations

Branches:
Dungeon (2/15)

Altars:


Innate Abilities, Weirdness & Mutations

Your experience applies equally to all skills.
You have very sharp teeth.
Your uncanny sense of smell can sniff out nearby items.


Message History

You begin infusing your attacks with magical energy.
A worker ant comes into view.
You closely miss the jackal. The bat closely misses you.
The jackal barely misses you.
You closely miss the jackal. You hit the jackal.
You kill the jackal!
The jackal misses you. The bat closely misses you.
You closely miss the jackal. You closely miss the bat.
The bat barely misses you. The bat hits you. The jackal closely misses you. x2
The leopard gecko closely misses you.
You slash the leopard gecko!
You kill the leopard gecko!
You barely miss the jackal. You closely miss the bat.
The bat barely misses you. The jackal barely misses you.
You hit the bat.
You kill the bat!
You have reached level 2!
You barely miss the jackal.
The jackal bites you but does no damage. x2
The worker ant bites you but does no damage.
You closely miss the worker ant. You closely miss the jackal.
The jackal misses you. The worker ant bites you.
You barely miss the worker ant. You hit the jackal.
The jackal bites you but does no damage.
The worker ant barely misses you. The jackal barely misses you.
You barely miss the jackal.
The jackal is moderately wounded.
Your ring mail prevents you from hitting the worker ant.
The jackal bites you. The worker ant bites you. The jackal bites you.
* * * LOW HITPOINT WARNING * * *
The worker ant bites you.
* * * LOW HITPOINT WARNING * * *
You are too injured to fight recklessly!
You completely miss the worker ant.
The goblin shouts!
Your bite misses the worker ant. You barely miss the jackal.
The jackal completely misses you. The worker ant completely misses you.
You hit the worker ant.
The worker ant is moderately wounded.
You closely miss the jackal. The jackal misses you. The worker ant bites you.
* * * LOW HITPOINT WARNING * * *
The jackal closely misses you.
You barely miss the worker ant.
The worker ant is moderately wounded.
You hit the jackal.
You kill the jackal!
The worker ant completely misses you.
You hit the worker ant.
The worker ant is heavily wounded.
Your magical infusion is running out.
The worker ant closely misses you. The worker ant misses you.
A kobold comes into view.
The kobold shouts!
You hit the worker ant but do no damage.
The worker ant is heavily wounded.
The worker ant completely misses you.
You barely miss the worker ant.
The worker ant is heavily wounded.
The worker ant barely misses you.
You hit the worker ant.
The worker ant is almost dead.
The worker ant misses you. The worker ant bites you.
* * * LOW HITPOINT WARNING * * *
You are lethally poisoned!
The worker ant poisons you!
A kobold comes into view.
The kobold shouts!
You hit the worker ant but do no damage.
The worker ant is severely wounded.
You hit the goblin.
You kill the goblin!
* * * LOW HITPOINT WARNING * * *
You feel sick. The worker ant completely misses you.
The kobold moves out of view.
It was a potion of curing.
You feel better. The worker ant closely misses you.
You hit the worker ant.
The worker ant is almost dead.
You are no longer magically infusing your attacks.
The worker ant completely misses you.
You closely miss the worker ant. Your bite misses the worker ant.
The worker ant is almost dead.
You closely miss the kobold. The worker ant bites you.
* * * LOW HITPOINT WARNING * * *
The kobold hits you but does no damage.
The worker ant bites you but does no damage.
You hit the worker ant but do no damage.
The worker ant is almost dead.
You barely miss the kobold. The kobold hits you but does no damage.
The worker ant barely misses you.
A hobgoblin comes into view. It is wielding a club.
The hobgoblin shouts!
You hit the worker ant but do no damage.
The worker ant is almost dead.
You barely miss the kobold. The worker ant bites you.
* * * LOW HITPOINT WARNING * * *
The kobold closely misses you.
The hobgoblin moves out of view.
The worker ant bites you.
* * * LOW HITPOINT WARNING * * *
The kobold hits you.
You die...

#.#.. # ....###
.# . .##.....#
#.#..
........##.....
...........#...
.........K.....
........K......
.......@.......
.......a.......
.............#.
...............
...............
.$.<...........
...........###.
...........#


You could see a worker ant and 2 kobolds.

Vanquished Creatures
  A leopard gecko (D:2)
  2 bats
  A hobgoblin (D:1)
  2 jackals (D:2)
  A goblin (D:2)
7 creatures vanquished.

Notes
Turn   | Place    | Note
-------+----------+-------------------------------------------
     0 | D:1      | tidbits the Gnoll Skald began the quest for the Orb.
     0 | D:1      | Reached XP level 1. HP: 20/20 MP: 6/6
   105 | D:2      | Noticed a worker ant
   109 | D:2      | Reached XP level 2. HP: 25/26 MP: 2/7
   119 | D:2      | HP: 2/26 [worker ant (2)]
   126 | D:2      | HP: 2/26 [worker ant (4)]
   126 | D:2      | Slain by a kobold

Vault maps used:
D:1:      dpeg_arrival_boxes_within_box
D:2:      lemuel_doored_altar, first_bread, uniq_jessica

Action                   || total
-------------------------++-------
Melee: Hand axe          ||    26
 Cast: Infusion          ||     2
  Use: Potion            ||     1
Armor: Ring mail         ||     7
Dodge: Dodged            ||    36

Table legend:
 A = Spawn XP
 B = Non-spawn XP
 C = Spawn XP percentage of total XP
 D = Spawn monster count
 E = Non-spawn monster count
 F = Spawn count percentage of total count
 G = Total turns spent on level
                    A         B        C        D         E        F      G
               +---------+---------+-------+---------+---------+-------+---------
         Total |       0 |      13 |   0.0 |       0 |       7 |   0.0 |   126
               +---------+---------+-------+---------+---------+-------+---------
           D:1 |       0 |       4 |   0.0 |       0 |       2 |   0.0 |   102
           D:2 |       0 |       9 |   0.0 |       0 |       5 |   0.0 |    24
               +---------+---------+-------+---------+---------+-------+---------

Table legend:
 A = Turns spent in this place as a percentage of turns spent in the entire game.
 B = Non-inter-level travel turns spent in this place as a percentage of non-inter-level travel turns spent in the entire game.
 C = Inter-level travel turns spent in this place as a percentage of turns spent in this place.
 D = Turns resting spent in this place as a percentage of non-inter-level travel turns spent in this place.
 E = Turns spent auto-exploring this place as a percentage of non-inter-level travel turns spent in this place.
 F = Non-inter-level travel turns spent in this place divided by the number of levels of this place that you've seen.
                   A       B       C       D       E      F
               +-------+-------+-------+-------+-------+----------------------
         Total | 100.0 | 100.0 |   0.0 |   0.0 |   0.0 |  63.0
       Dungeon | 100.0 | 100.0 |   0.0 |   0.0 |   0.0 |  63.0
               +-------+-------+-------+-------+-------+----------------------

Table legend:
 A = Kills in this place as a percentage of kills in entire the game.
 B = Kills by you in this place as a percentage of kills by you in the entire game.
 C = Kills by friends in this place as a percentage of kills by friends in the entire game.
 D = Other kills in this place as a percentage of other kills in the entire game.
 E = Experience gained in this place as a percentage of experience gained in the entire game.
 F = Experience gained in this place divided by the number of levels of this place that you have seen.
                   A       B       C       D       E      F
               +-------+-------+-------+-------+-------+----------------------
         Total | 100.0 | 100.0 |   N/A |   N/A | 100.0 |   6.5
       Dungeon | 100.0 | 100.0 |   N/A |   N/A | 100.0 |   6.5
               +-------+-------+-------+-------+-------+----------------------

Vault maps used:
D:1:      dpeg_arrival_boxes_within_box
D:2:      lemuel_doored_altar, first_bread, uniq_jessica
